 Dungeon Crawl Stone Soup version 0.30-a0-956-gcec3b41aec (webtiles) character file.

Game seed: 15012520726245963204

1532 NotreDorf the Ruffian (level 8, -3/80 HPs)
             Began as a Troll Fighter on Mar 29, 2023.
             Was a Believer of Okawaru.
             Slain by an orc priest
             ... wielding a +0 club
              (6 damage)
             ... on level 6 of the Dungeon.
             The game lasted 00:18:56 (4510 turns).

NotreDorf the Ruffian (Troll Fighter)               Turns: 4510, Time: 00:18:57

Health: -3/80      AC: -1    Str: 27    XL:     8   Next: 55%
Magic:  7/7        EV:  8    Int:  4    God:    Okawaru [**....]
Gold:   155        SH:  8    Dex:  9    Spells: 7/7 levels left

rFire   . . .      SeeInvis .      - Unarmed
rCold   x . .      Faith    .    b - +0 kite shield
rNeg    . . .      Spirit   .    a - +0 robe
rPois   +          Reflect  .    (helmet restricted)
rElec   +          Rampage  .    A - +1 cloak
rCorr   .                        (gloves unavailable)
Will    .....                    (boots unavailable)
Stlth   +                        (no amulet)
HPRegen 1.13/turn                j - ring of Jenly {rElec rPois rC- AC+4 Slay+3}
MPRegen 0.10/turn                (no ring)

@: corroded
A: large, unfitting armour, claws 3, regeneration 1, shaggy fur 1, tough skin 1
a: Renounce Religion, Heroism


You were on level 6 of the Dungeon.
You worshipped Okawaru.
Okawaru was pleased with you.
You visited 2 branches of the dungeon, and saw 7 of its levels.
You also visited: Sewer.

You collected 324 gold pieces.
You spent 169 gold pieces at shops.

Inventory:

Hand Weapons
 h - a +0 heavy giant spiked club
Missiles
 d - 4 large rocks (quivered)
 i - 5 boomerangs of dispersal
Armour
 a - a +0 robe (worn)
 b - a +0 kite shield (worn)
 A - a +1 cloak (worn)
Jewellery
 j - the ring of Jenly (left claw) {rElec rPois rC- AC+4 Slay+3}
   (You found it in a sewer)

   [ring of protection]

   AC:        It affects your AC (+4).
   Slay:      It affects your accuracy & damage with ranged weapons and melee
   (+3).
   rC:        It makes you vulnerable to cold.
   rElec:     It insulates you from electricity.
   rPois:     It protects you from poison.
 k - an amulet of faith
Wands
 f - a wand of polymorph (6)
 u - a wand of light (4)
 w - a wand of digging (5)
 y - a wand of flame (19)
Scrolls
 g - a scroll of blinking
 l - a scroll of brand weapon
 m - a scroll of teleportation
 n - 2 scrolls of poison
 x - a scroll of silence
 z - a scroll of enchant armour {unknown}
 B - a scroll of magic mapping {unknown}
Potions
 c - 2 potions of might
 e - 3 potions of heal wounds
 o - a potion of haste
 p - 2 potions of curing
 q - 2 potions of lignification
 r - 2 potions of brilliance {unknown}
 s - 3 potions of ambrosia {unknown}
 t - a potion of mutation {unknown}
 v - a potion of berserk rage {unknown}


   Skills:
 + Level 5.1 Fighting
 + Level 4.0 Armour
 - Level 2.4 Dodging
 + Level 5.6 Shields
 + Level 5.7 Unarmed Combat


You had 7 spell levels left.
You didn't know any spells.
Your spell library contained the following spells:

 Spells                   Type           Power      Damage    Failure   Level
 Portal Projectile        Hex/Tloc       0%         N/A       98%         3
 Leda's Liquefaction      Hex/Erth       0%         N/A       100%        4
 Call Canine Familiar     Summ           Unusable   N/A       N/A         3

Dungeon Overview and Level Annotations

Branches:
Dungeon (6/15)             Temple (1/1) D:4           Sewer (visited)

Altars:
Ashenzari
Cheibriados
Dithmenos
Fedhas
Hepliaklqana
Nemelex Xobeh
Okawaru
Qazlal
Ru
Sif Muna
Trog
Vehumet
Wu Jian
Yredelemnul
Zin

Shops:
D:3 *

Annotations:
Temple 2 transporters


Innate Abilities, Weirdness & Mutations

You are too large for most types of armour.
You have claws for hands.
Your natural rate of healing is unusually fast.
You are covered in fur. (AC +1)
You have tough skin. (AC +1)


Message History

You block the phantom's attack.
You mangle the phantom!!
The phantom is almost destroyed.
The phantom hits you!
You scratch the phantom.
The phantom is almost destroyed.
The phantom hits you.
The phantom blinks!
You blink.
Found a glaive and 30 gold pieces.
Found a stone staircase leading up.
The phantom closely misses you.
The orc priest calls down the wrath of Beogh upon you.
Beogh smites you!
* * * LOW HITPOINT WARNING * * *
You claw the orc priest!
The orc priest is almost dead.
The orc priest invokes the aid of Beogh against you.
Pain shoots through your body!
* * * LOW HITPOINT WARNING * * *
The phantom hits you!
* * * LOW HITPOINT WARNING * * *
You scratch the orc priest but do no damage.
The orc priest is almost dead.
The phantom hits you.
* * * LOW HITPOINT WARNING * * *
The phantom blinks!
You blink.
You scratch the phantom but do no damage.
The phantom is almost destroyed.
The phantom barely misses you.
You scratch the phantom but do no damage.
The phantom is almost destroyed.
You block the phantom's attack.
You scratch the phantom.
The phantom is almost destroyed.
You block the phantom's attack.
You scratch the phantom.
The phantom is almost destroyed.
The phantom hits you!
* * * LOW HITPOINT WARNING * * *
The phantom blinks!
You blink.
The orc priest hits you with a +0 club.
You die...

#.....#......#.##
#...............#
#...........<#..####
#)........###.....#
#.........).......# .
#.........####....# ##.
##.ยง.........$#....#
#..
#...$.....o......###..#
#.# #.........@......#
##.###..
#..........W.....#
#..##..
#.################
##.##.. # #..'.. ####..
#.. ##. ## #


You could see a phantom and an orc priest.

Vanquished Creatures
  2 black bears
  An ice beast (D:5)
  An ogre (D:4)
  2 phantoms
  2 bullfrogs (Sewer)
  6 scorpions
  3 jellies
  2 orc priests
  A hound (D:5)
  A sleepcap (D:5)
  2 orc wizards
  An iguana (D:5)
  A river rat (D:5)
  14 adders
  2 shadow imps (D:6)
  An ufetubus (D:4)
  2 worms
  5 dart slugs
  14 orcs
  8 ball pythons
  5 endoplasms
  11 giant cockroaches
  6 goblins
  4 hobgoblins (D:1)
  2 jackals (D:1)
  8 kobolds
  7 quokkas
  A bat (D:1)
  12 frilled lizards
  8 rats
  A spectral hobgoblin (D:2)
136 creatures vanquished.

Notes
Turn   | Place    | Note
-------+----------+-------------------------------------------
     0 | D:1      | NotreDorf the Troll Fighter began the quest for the Orb.
     0 | D:1      | Reached XP level 1. HP: 22/22 MP: 0/0
    98 | D:1      | Reached XP level 2. HP: 29/29 MP: 1/1
   431 | D:1      | Reached XP level 3. HP: 36/36 MP: 2/2
   893 | D:2      | Found a faded altar of an unknown god.
  1500 | D:3      | Upgraded the game from 0.30-a0-953-g5f1da4a474 to
                  | 0.30-a0-956-gcec3b41aec
  1643 | D:3      | Reached XP level 4. HP: 45/45 MP: 3/3
  1755 | D:3      | Found Kupuf's Assorted Antiques.
  1762 | D:3      | Bought a cloak for 117 gold pieces
  1803 | D:3      | Found a sacrificial altar of Ru.
  1804 | D:3      | Found a sparkling altar of Nemelex Xobeh.
  2010 | D:3      | Bought a scroll of identify for 52 gold pieces
  2037 | D:4      | Found a staircase to the Ecumenical Temple.
  2068 | Temple   | Entered the Ecumenical Temple
  2068 | Temple   | Found a transporter.
  2068 | Temple   | Found a transporter.
  2070 | Temple   | Found a transporter.
  2070 | Temple   | Found a transporter.
  2081 | Temple   | Became a worshipper of Warmaster Okawaru
  2141 | D:4      | Reached skill level 1 in Armour
  2149 | D:4      | Reached XP level 5. HP: 19/53 MP: 4/4
  2206 | D:4      | Noticed an ogre
  2216 | D:4      | Killed an ogre
  2546 | D:4      | Reached XP level 6. HP: 61/61 MP: 5/5
  2638 | D:4      | Reached * piety under Okawaru
  2954 | D:5      | Entered Level 5 of the Dungeon
  3017 | D:5      | Reached XP level 7. HP: 68/68 MP: 6/6
  3082 | D:5      | Found a glowing drain.
  3086 | Sewer    | Entered a sewer
  3298 | Sewer    | Reached ** piety under Okawaru
  3310 | Sewer    | Identified the +8 scale mail of Catatonia {rF- rC+ Regen+
                  | Dex+5}
  3319 | Sewer    | Identified the ring of Jenly {rElec rPois rC- AC+4 Slay+3}
  3921 | D:5      | Reached skill level 5 in Shields
  3921 | D:5      | Reached skill level 5 in Unarmed Combat
  3932 | D:5      | Reached XP level 8. HP: 74/79 MP: 7/7
  4089 | D:5      | Found a stormy altar of Qazlal.
  4091 | D:5      | Noticed an air elemental
  4372 | D:6      | Reached skill level 5 in Fighting
  4420 | D:6      | Found a hazy altar of Hepliaklqana.
  4509 | D:6      | HP: 2/80 [phantom (8)]
  4510 | D:6      | Slain by an orc priest

Illustrated notes

Levels and vault maps discovered:
D:1:      minmay_arrival_hallway, layout_basic
D:2:      layout_basic, dreamdust_ecumenical_altar_drowned_temple
D:3:      cheibrodos_helix_gallery, layout_rooms,
          gammafunk_temple_overflow_statue, serial_shops,
          nicolae_shop_statue_plus, reono_crystal_passage, serial_bayou_pond_e
D:4:      layout_gridville, minmay_temple_entry_sparse_star, nrook_mini_vaults
D:5:      layout_gridville, nicolae_qazlal_style_of_elements,
          gup_sewer_entry_spiral, minmay_misc_feat_doors
D:6:      layout_basic, nzn_hepliaklqana_mist_gate,
          lemuel_coloured_pillars_altar, ebering_ghost_disaster_area,
          nicolae_figureground_pulse, uniq_edmund
Temple:   hellmonk_temple_divided_pantheon

Skill      XL: |  1  2  3  4  5  6  7  8 |
---------------+-------------------------+-----
Shields        | 3 4 5 |  5.6
Fighting       | 3 4 5 |  5.1
Unarmed Combat | 3 4 5 |  5.7
Armour         | 1 2 3 4 |  4.0
Dodging        | |  2.4

Action                     |  1- 3 |  4- 6 |  7- 9 || total
---------------------------+-------+-------+-------++-------
  Melee: Unarmed           |   113 |   140 |   176 ||   429
  Throw: Dart              |       |     1 |       ||     1
         Large rock        |       |       |     2 ||     2
    Use: Scroll            |       |    14 |       ||    14
         Potion            |       |       |     1 ||     1
   Stab: Sleeping          |     1 |       |     1 ||     2
         Distracted        |       |     1 |       ||     1
 Armour: Robe              |    29 |    34 |    41 ||   104
  Dodge: Dodged            |    23 |    46 |    55 ||   124
  Block: Kite shield       |    35 |    53 |    60 ||   148

Table legend: (Time is in decaauts)
 A = Elapsed time spent in this place.
 B = Non-inter-level travel time spent in this place.
 C = Inter-level travel time spent in this place.
 D = Time resting spent in this place.
 E = Time spent auto-exploring this place.
 F = Levels seen in this place.
 G = Mean time per level.
                   A        B        C        D        E       F      G
               +--------+--------+--------+--------+--------+-----+--------+
         Total |   4534 |   4418 |    116 |    403 |   2811 |   8 |  566.8 |
       Dungeon |   3912 |   3796 |    116 |     60 |   2808 |   6 |  652.0 |
        Temple |     27 |     27 |      0 |      0 |      3 |   1 |   27.0 |
         Sewer |    594 |    594 |      0 |    343 |      0 |   1 |  594.0 |
               +--------+--------+--------+--------+--------+-----+--------+

Top non-repeatable levels by time:
     D:4: 914 daAuts
     D:1: 776 daAuts
     D:2: 724 daAuts
     D:5: 686 daAuts
   Sewer: 594 daAuts
     D:3: 527 daAuts
     D:6: 282 daAuts
  Temple: 27 daAuts
